PAAA
PAWNEE PARKSNREC @ BAKERSFIELD NOBLES
09/25/2019
 
TOP OF THE 1ST
Pawnee ParksNRec batting - Pitching for Bakersfield Nobles : LHP Ron Barry
Pitching: LHP Ron Barry
Batting: RHB Mike Daniels 0-0: Called Strike
0-1: Ball
1-1: Ball
2-1: Ball
3-1: SINGLE (Line Drive, 8LS)
Batting: RHB Joe Craig 0-0: Ball
1-0: Called Strike
1-1: Ball
2-1: Called Strike
2-2: Fly out, F8 (Flyball, 8RS)
Batting: SHB José Carlos Nieves 0-0: Called Strike
0-1: Swinging Strike
0-2: Ball
1-2: Foul Ball, location: 2F
1-2: Ball
2-2: Ball
3-2: Strikes out swinging
Mike Daniels steals 2nd base
Batter strikes out.
Batting: LHB Paul Johnson 0-0: Called Strike
0-1: Called Strike
0-2: Ball
1-2: Ball
2-2: Ball
3-2: Base on Balls
Batting: RHB Lúcio López 0-0: Foul Ball, location: 2F
0-1: Ball
1-1: Ball
2-1: SINGLE (Line Drive, 7S)
Mike Daniels to third
Paul Johnson to second
Runner from 3rd tries for Home, SAFE, no throw or cutoff
Batting: RHB Eldon McGillivour 0-0: Ball
1-0: Foul Ball, location: 2F
1-1: Ball
2-1: Ball
3-1: Foul Ball, location: 2F
3-2: Foul Ball, location: 2F
3-2: SINGLE (Line Drive, 6MD)
Paul Johnson to third
Lúcio López to second
Paul Johnson scores
Lúcio López to third
Batting: RHB Dale Blair 0-0: Ball
1-0: Called Strike
1-1: 3-RUN HOME RUN (Flyball, 7D), Distance : 394 ft
Batting: RHB Brett Robinson 0-0: Called Strike
0-1: Ball
1-1: Ball
2-1: Foul Ball, location: 2F
2-2: Ball
3-2: Strikes out looking
Top of the 1st over - 5 run(s), 4 hit(s), 0 error(s), 0 left on base; Pawnee 5 - Bakersfield 0
BOTTOM OF THE 1ST
Bakersfield Nobles batting - Pitching for Pawnee ParksNRec : RHP Howard Ritchie
Pitching: RHP Howard Ritchie
Batting: RHB Paul Houston 0-0: Foul Ball, location: 2F
0-1: Ball
1-1: Ball
2-1: Bunt for hit - play at first, batter safe!
Batting: RHB Jorge Gonzáles 0-0: Called Strike
0-1: Ball
1-1: Grounds into double play, 1-6-3 (Groundball, 13)
Batting: RHB Kyle Bridges 0-0: Swinging Strike
0-1: Reached on error, E6 (Groundball, 6)
Batting: LHB Emery Miller 0-0: SINGLE (Groundball, 13) (infield hit)
Kyle Bridges to second
Batting: RHB Scotty Anderson 0-0: Foul Ball, location: 2F
0-1: Ball
1-1: Foul Ball, location: 2F
1-2: Foul Ball, location: 2F
1-2: Strikes out swinging
Bottom of the 1st over - 0 run(s), 2 hit(s), 1 error(s), 2 left on base; Pawnee 5 - Bakersfield 0
TOP OF THE 2ND
Pawnee ParksNRec batting - Pitching for Bakersfield Nobles : LHP Ron Barry
Batting: RHB Darby Carveth 0-0: Called Strike
0-1: Swinging Strike
0-2: Strikes out swinging
Batting: RHB Mike Daniels 0-0: Called Strike
0-1: Called Strike
0-2: Ball
1-2: Ball
2-2: Fly out, F5 (Line Drive, 5)
Batting: RHB Joe Craig 0-0: Called Strike
0-1: Called Strike
0-2: Ball
1-2: Strikes out looking
Top of the 2nd over - 0 run(s), 0 hit(s), 0 error(s), 0 left on base; Pawnee 5 - Bakersfield 0
BOTTOM OF THE 2ND
Bakersfield Nobles batting - Pitching for Pawnee ParksNRec : RHP Howard Ritchie
Batting: RHB Takaaki Kobayashi 0-0: Foul Ball, location: 2F
0-1: Ground out 6-3 (Groundball, 4M)
Batting: LHB Jeff Lee 0-0: Swinging Strike
0-1: Called Strike
0-2: Foul Ball, location: 2F
0-2: Strikes out looking
Batting: RHB Miguel Márquez 0-0: Called Strike
0-1: Called Strike
0-2: Strikes out swinging
Bottom of the 2nd over - 0 run(s), 0 hit(s), 0 error(s), 0 left on base; Pawnee 5 - Bakersfield 0
TOP OF THE 3RD
Pawnee ParksNRec batting - Pitching for Bakersfield Nobles : LHP Ron Barry
Batting: SHB José Carlos Nieves 0-0: Ball
1-0: Called Strike
1-1: Foul Ball, location: 2F
1-2: Strikes out looking
Batting: LHB Paul Johnson 0-0: Fly out, F8 (Flyball, 8LS)
Batting: RHB Lúcio López 0-0: Ball
1-0: Called Strike
1-1: Ball
2-1: Ball
3-1: Swinging Strike
3-2: Strikes out looking
Top of the 3rd over - 0 run(s), 0 hit(s), 0 error(s), 0 left on base; Pawnee 5 - Bakersfield 0
BOTTOM OF THE 3RD
Bakersfield Nobles batting - Pitching for Pawnee ParksNRec : RHP Howard Ritchie
Batting: RHB Ron Gérard 0-0: Swinging Strike
0-1: Foul Ball, location: 2F
0-2: SINGLE (Groundball, 34S)
Batting: RHB Paul Houston 0-0: Swinging Strike
0-1: Called Strike
0-2: Strikes out swinging
Batting: RHB Jorge Gonzáles 0-0: Ground out 3-1 (Groundball, 34)
Ron Gérard to second
Batting: RHB Kyle Bridges 0-0: Ground out 6-3 (Groundball, 6)
Bottom of the 3rd over - 0 run(s), 1 hit(s), 0 error(s), 1 left on base; Pawnee 5 - Bakersfield 0
TOP OF THE 4TH
Pawnee ParksNRec batting - Pitching for Bakersfield Nobles : LHP Ron Barry
Batting: RHB Eldon McGillivour 0-0: SINGLE (Groundball, 6)
Pitching: RHP Robert Thomas
Batting: RHB Dale Blair 0-0: Fly out, F8 (Line Drive, 8RM)
Batting: RHB Brett Robinson 0-0: DOUBLE (Line Drive, 89S)
Eldon McGillivour to third
Batting: RHB Darby Carveth 0-0: Foul Ball, location: 2F
0-1: Ground out 6-3 (Groundball, 6)
Eldon McGillivour scores
Brett Robinson to third
Batting: RHB Mike Daniels 0-0: Ball
1-0: Foul Ball, location: 2F
1-1: SINGLE (Line Drive, 89S)
Brett Robinson scores
Batting: RHB Joe Craig 0-0: Called Strike
0-1: Swinging Strike
0-2: Ball
1-2: Foul Ball, location: 2F
1-2: Ground out 3-1 (Groundball, 3)
Top of the 4th over - 2 run(s), 3 hit(s), 0 error(s), 1 left on base; Pawnee 7 - Bakersfield 0
BOTTOM OF THE 4TH
Bakersfield Nobles batting - Pitching for Pawnee ParksNRec : RHP Howard Ritchie
Batting: LHB Emery Miller 0-0: Ball
1-0: Foul Ball, location: 2F
1-1: DOUBLE (Groundball, 3L)
Batting: RHB Scotty Anderson 0-0: Ground out 6-3 (Groundball, 6)
Emery Miller to third
Batting: RHB Takaaki Kobayashi 0-0: SINGLE (Groundball, 5L)
Emery Miller scores
Batting: LHB Jeff Lee 0-0: Grounds into double play, 4-6-3 (Groundball, 4)
Bottom of the 4th over - 1 run(s), 2 hit(s), 0 error(s), 0 left on base; Pawnee 7 - Bakersfield 1
TOP OF THE 5TH
Pawnee ParksNRec batting - Pitching for Bakersfield Nobles : RHP Robert Thomas
Batting: SHB José Carlos Nieves 0-0: Ball
1-0: DOUBLE (Line Drive, 9LM)
Batting: LHB Paul Johnson 0-0: Called Strike
0-1: Ball
1-1: Ground out U3 (Groundball, 3L)
José Carlos Nieves to third
Batting: RHB Lúcio López 0-0: Ball
1-0: Fly out, F5 (Line Drive, 5S)
Batting: RHB Eldon McGillivour 0-0: Ball
1-0: Swinging Strike
1-1: Ball
2-1: Swinging Strike
2-2: Strikes out swinging
Top of the 5th over - 0 run(s), 1 hit(s), 0 error(s), 1 left on base; Pawnee 7 - Bakersfield 1
BOTTOM OF THE 5TH
Bakersfield Nobles batting - Pitching for Pawnee ParksNRec : RHP Howard Ritchie
Batting: RHB Miguel Márquez 0-0: Ball
1-0: Ball
2-0: Swinging Strike
2-1: Ball
3-1: Foul Ball, location: 2F
3-2: Ground out 6-3 (Groundball, 56)
Batting: RHB Ron Gérard 0-0: Called Strike
0-1: SOLO HOME RUN (Flyball, 7LD), Distance : 354 ft
Batting: RHB Paul Houston 0-0: Ball
1-0: SINGLE (Line Drive, 8LS)
Batting: RHB Jorge Gonzáles 0-0: Swinging Strike
0-1: Ball
Passed Ball!
Paul Houston to second
1-1: Ball
2-1: Swinging Strike
2-2: Foul Ball, location: 2F
2-2: Ball
3-2: Ground out 5-3 (Groundball, 5S)
Paul Houston to third
Batting: RHB Kyle Bridges 0-0: Called Strike
0-1: Called Strike
0-2: Hit by Pitch
Batting: LHB Emery Miller 0-0: Ball
1-0: SINGLE (Groundball, 6MD)
Paul Houston scores
Kyle Bridges to second
Runner from 2nd tries for 3rd, OUT!
Bottom of the 5th over - 2 run(s), 3 hit(s), 0 error(s), 1 left on base; Pawnee 7 - Bakersfield 3
TOP OF THE 6TH
Pawnee ParksNRec batting - Pitching for Bakersfield Nobles : RHP Robert Thomas
Batting: RHB Dale Blair 0-0: Swinging Strike
0-1: Swinging Strike
0-2: Ball
1-2: Foul Ball, location: 2F
1-2: Ground out 6-3 (Groundball, 6)
Batting: RHB Brett Robinson 0-0: Fly out, F6 (Popup, 6)
Batting: RHB Darby Carveth 0-0: Foul Ball, location: 2F
0-1: Ball
1-1: Fly out, F9 (Flyball, 9S)
Top of the 6th over - 0 run(s), 0 hit(s), 0 error(s), 0 left on base; Pawnee 7 - Bakersfield 3
BOTTOM OF THE 6TH
Bakersfield Nobles batting - Pitching for Pawnee ParksNRec : RHP Howard Ritchie
Batting: RHB Scotty Anderson 0-0: Swinging Strike
0-1: Foul Ball, location: 2F
0-2: Strikes out swinging
Batting: RHB Takaaki Kobayashi 0-0: Called Strike
0-1: Ball
1-1: SINGLE (Groundball, 4MD)
Batting: LHB Jeff Lee 0-0: Foul Ball, location: 2F
0-1: Ball
1-1: Ball
2-1: Ball
3-1: Called Strike
3-2: Base on Balls
Takaaki Kobayashi to second
Batting: RHB Miguel Márquez 0-0: Foul Ball, location: 2F
0-1: Swinging Strike
0-2: Fielders Choice at 2nd, 6-4 (Groundball, 6)
Takaaki Kobayashi to third
Batting: RHB Ron Gérard 0-0: Ball
1-0: Swinging Strike
1-1: Ball
2-1: Called Strike
2-2: Ground out 4-3 (Groundball, 34)
Bottom of the 6th over - 0 run(s), 1 hit(s), 0 error(s), 2 left on base; Pawnee 7 - Bakersfield 3
TOP OF THE 7TH
Pawnee ParksNRec batting - Pitching for Bakersfield Nobles : RHP Robert Thomas
Pitching: RHP Rob Hanson
Batting: RHB Mike Daniels 0-0: Ball
1-0: Called Strike
1-1: Fly out, F4 (Line Drive, 4M)
Batting: RHB Joe Craig 0-0: Swinging Strike
0-1: Swinging Strike
0-2: Strikes out looking
Batting: SHB José Carlos Nieves 0-0: Ball
1-0: Foul Ball, location: 2F
1-1: Hit by Pitch
Batting: LHB Paul Johnson 0-0: Ball
1-0: Ball
2-0: Ground out 4-3 (Groundball, 34)
Top of the 7th over - 0 run(s), 0 hit(s), 0 error(s), 1 left on base; Pawnee 7 - Bakersfield 3
BOTTOM OF THE 7TH
Bakersfield Nobles batting - Pitching for Pawnee ParksNRec : RHP Howard Ritchie
Batting: RHB Paul Houston 0-0: Ball
1-0: Called Strike
1-1: Ground out 5-3 (Groundball, 56)
Batting: RHB Jorge Gonzáles 0-0: Ball
1-0: Ball
2-0: Ball
3-0: Called Strike
3-1: Fly out, F3 (Popup, 23F)
Batting: RHB Kyle Bridges 0-0: Ball
1-0: Fly out, F7 (Flyball, 78S)
Bottom of the 7th over - 0 run(s), 0 hit(s), 0 error(s), 0 left on base; Pawnee 7 - Bakersfield 3
TOP OF THE 8TH
Pawnee ParksNRec batting - Pitching for Bakersfield Nobles : RHP Rob Hanson
Batting: RHB Lúcio López 0-0: Called Strike
0-1: Foul Ball, location: 2F
0-2: Ball
1-2: Ball
2-2: Strikes out looking
Batting: RHB Eldon McGillivour 0-0: Called Strike
0-1: Ball
1-1: Swinging Strike
1-2: Ball
2-2: Foul Ball, location: 2F
2-2: Foul Ball, location: 2F
2-2: Foul Ball, location: 2F
2-2: Strikes out swinging
Batting: RHB Dale Blair 0-0: Called Strike
0-1: Fly out, F9 (Flyball, 9M)
Top of the 8th over - 0 run(s), 0 hit(s), 0 error(s), 0 left on base; Pawnee 7 - Bakersfield 3
BOTTOM OF THE 8TH
Bakersfield Nobles batting - Pitching for Pawnee ParksNRec : RHP Howard Ritchie
Batting: LHB Emery Miller 0-0: Ball
1-0: Ball
2-0: Called Strike
2-1: Ball
3-1: Foul Ball, location: 2F
3-2: SINGLE (Line Drive, 8LS)
Pitching: RHP Gabriel Hidalgo
Batting: RHB Scotty Anderson 0-0: DOUBLE (Flyball, 8RD)
Emery Miller to third
Pitching: RHP Guillermo García
Batting: RHB Takaaki Kobayashi 0-0: Ball
1-0: Ball
2-0: Called Strike
2-1: Reached on error, E5 (Groundball, 5S)
Emery Miller scores
Scotty Anderson to third
Pitching: LHP Dennis McDonald
Batting: LHB Jeff Lee 0-0: Foul Ball, location: 2F
0-1: Called Strike
0-2: Strikes out looking
Pitching: RHP Jesse Bowling
Batting: RHB Miguel Márquez 0-0: Ball
1-0: SINGLE (Line Drive, 6MD)
Scotty Anderson scores
Takaaki Kobayashi to second
Pinch Hitting: RHB Zach King 0-0: 3-RUN HOME RUN (Line Drive, 7LD), Distance : 367 ft
Pitching: RHP Edward Scott
Batting: RHB Paul Houston 0-0: DOUBLE (Line Drive, 7LS)
Batting: RHB Jorge Gonzáles 0-0: Ball
1-0: Foul Ball, location: 2F
1-1: Foul Ball, location: 2F
1-2: Ball
2-2: Foul Ball, location: 2F
2-2: Ball
3-2: 2-RUN HOME RUN (Flyball, 7D), Distance : 375 ft
Pitching: RHP Jim Unknown
Batting: RHB Kyle Bridges 0-0: Called Strike
0-1: Foul Ball, location: 2F
0-2: Fly out, F1 (Line Drive, 15)
Batting: LHB Emery Miller 0-0: Called Strike
0-1: Swinging Strike
0-2: Foul Ball, location: 2F
0-2: Ground out 3-1 (Groundball, 34)
Bottom of the 8th over - 7 run(s), 6 hit(s), 1 error(s), 0 left on base; Pawnee 7 - Bakersfield 10
TOP OF THE 9TH
Pawnee ParksNRec batting - Pitching for Bakersfield Nobles : RHP Rob Hanson
Pitching: RHP Enrique Magana
Now in RF: Zach King
Batting: RHB Brett Robinson 0-0: Foul Ball, location: 2F
0-1: Ball
1-1: Foul Ball, location: 2F
1-2: Ball
2-2: Strikes out looking
Batting: RHB Darby Carveth 0-0: SINGLE (Groundball, 4MD)
Batting: RHB Mike Daniels 0-0: Foul Ball, location: 2F
0-1: Fielders Choice at 2nd, 1-4 (Groundball, 13S)
Batting: RHB Joe Craig 0-0: Ball
1-0: Foul Ball, location: 2F
1-1: Called Strike
1-2: Foul Ball, location: 2F
1-2: Strikes out swinging
Top of the 9th over - 0 run(s), 1 hit(s), 0 error(s), 1 left on base; Pawnee 7 - Bakersfield 10
This league is powered by Out of the Park Baseball, the baseball management simulation game for PC, Mac and Linux
Saturday, July 25th, 2015 - OOTP Baseball 15.6 Build 34